 Dungeon Crawl Stone Soup version 0.22-a0-608-g8a62e23 (webtiles) character file.

10059 sking99 the Martial Artist (level 11, -2/99 HPs)
             Began as a Pale Draconian Transmuter on July 9, 2018.
             Was an Initiate of Gozag.
             Slain by Snorg (15 damage)
             ... on level 10 of the Dungeon.
             The game lasted 00:25:49 (11866 turns).

sking99 the Martial Artist (DrTm)                  Turns: 11866, Time: 00:25:49

Health: -2/99      AC: 13    Str: 12    XL:     11   Next: 31%
Magic:  4/14       EV: 20    Int: 14    God:    Gozag
Gold:   1857       SH:  0    Dex: 15    Spells: 5/14 levels left

rFire    . . .     SeeInvis .     - Unarmed
rCold    . . .     Gourm    .   (no shield)
rNeg     . . .     Faith    .   (armour unavailable)
rPois    .         Spirit   .   (helmet restricted)
rElec    .         Reflect  .   e - +0 cloak
rCorr    +         Harm     .   j - +1 pair of gloves
MR       .....                  f - +2 pair of boots
Stlth    +.........             (no amulet)
HPRegen  0.26/turn              y - ring of resist corrosion
MPRegen  0.14/turn              i - +4 ring of evasion

@: very slightly contaminated, drained, invisible (expiring)
A: breathe steam, unfitting armour, cold-blooded, AC +7
a: Breathe Steam, Potion Petition, Call Merchant, Bribe Branch, Renounce
Religion


You were on level 10 of the Dungeon.
You worshipped Gozag.
Gozag was most pleased with you.
You were near starving.

You visited 1 branch of the dungeon, and saw 10 of its levels.
You also visited: Sewer and Ossuary.

You collected 2723 gold pieces.
You spent 263 gold pieces at shops.
You paid 603 gold pieces to Gozag.

Inventory:

Missiles
 a - 180 arrows
Armour
 e - a +0 cloak (worn)
 f - a +2 pair of boots (worn)
 j - a +1 pair of gloves (worn)
Jewellery
 b - an uncursed ring of magical power
 i - a +4 ring of evasion (right hand)
 v - an uncursed ring of see invisible
 y - a ring of resist corrosion (left hand)
Wands
 B - a wand of acid (1)
 E - a wand of polymorph (6)
 F - a wand of digging (31)
Scrolls
 h - 5 scrolls of teleportation
 k - 4 scrolls of remove curse
 q - a scroll of identify
 s - a scroll of blinking
 z - 3 scrolls of fear
 C - 3 scrolls of enchant armour
 D - 3 scrolls of fog
Potions
 d - 10 potions of curing
 g - 6 potions of mutation
 l - 3 potions of heal wounds
 m - 4 potions of agility
 n - 2 potions of haste {unknown}
 o - a potion of might
 r - 5 potions of flight
 t - a potion of brilliance
 u - 3 potions of lignification
 w - a potion of experience {unknown}
 x - 2 potions of magic
 A - a potion of ambrosia {unknown}
 G - a potion of resistance
Comestibles
 c - 26 rations


   Skills:
 + Level 9.8(9.4) Fighting
 + Level 7.0(6.6) Dodging
 * Level 12.7(12.3) Unarmed Combat
 - Level 2.0(1.6) Spellcasting
 + Level 5.2(4.8) Transmutations


You had 5 spell levels left.
You knew the following spells:

 Your Spells              Type           Power        Failure   Level  Hunger
a - Beastly Appendage     Tmut           ##....       3%          1    ##.....
b - Sticks to Snakes      Tmut           ##......     4%          2    ###....
c - Blade Hands           Tmut           ##........   67%         5    ######.
d - Apportation           Tloc           #.....       26%         1    ##.....

Your spell library contained the following spells:

 Spells                   Type           Power        Failure   Level  Hunger
 Summon Small Mammal      Summ           #...         26%         1    ##.....
 Animate Skeleton         Necr           N/A          26%         1    ##.....
 Spider Form              Tmut/Pois      #.........   26%         3    ####...
 Ice Form                 Ice/Tmut       #.......     65%         4    #####..
 Confusing Touch          Hex            #.....       26%         1    ##.....


Dungeon Overview and Level Annotations

Branches:
Dungeon (10/15)            Temple (0/1) D:6             Orc (0/2) D:10
   Lair: D:8-11

Altars:
Ashenzari
Fedhas
Gozag
Kikubaaqudgha
Nemelex Xobeh
Ru
Wu Jian
Xom
Zin

Shops:
D:6 *   D:9 [!!*[?

Annotations:
D:7 3 runed doors, junkhipster's ghost, novice FoFi
D:10 Snorg


Innate Abilities, Weirdness & Mutations

You can breathe blasts of scalding, opaque steam.
Your pale cyan-grey scales are hard. (AC +7)
You cannot fit into any form of body armour.
You are cold-blooded and may be slowed by cold attacks.


Message History

Your adder bites Snorg.
Snorg is poisoned.
Your adder poisons Snorg!
Your ball python bites Snorg. x2
You have got your breath back.
Snorg closely misses your ball python. Snorg barely misses your ball python.
Snorg claws your ball python.
Your ball python dies!
Your adder bites Snorg.
Your ball python bites Snorg. x2
Snorg bites your ball python!
Your ball python dies!
Your adder barely misses Snorg.
Your ball python completely misses Snorg.
There is a stone staircase leading down here.
Snorg misses you. x2; Snorg closely misses you.
You flicker for a moment.
Snorg looks more healthy.
Your adder barely misses Snorg.
Snorg bites you!!
* * * LOW HITPOINT WARNING * * *
Snorg completely misses you. Snorg claws you!
You die...
Your body crumbles into a pile of gold.

...# .### .## ..#
#.#################
#...............S.#
#.######........S.#
..............).)T#
#.######........@.#
#.# #..........#
#.## ############
#.(# ##.# #.# #.#
##.# .#.#


You could see Snorg (berserk), a friendly adder and a friendly ball python.

Vanquished Creatures
  Gastronok (D:8)
  A hydra (D:8)
  A troll (D:9)
  2 hornets
  Prince Ribbit (D:5)
  2 hippogriffs
  2 dream sheep (D:8)
  Sigmund (D:2)
  A wraith (Ossuary)
  A wyvern (D:9)
  6 yaks
  Grum (D:8)
  A hungry ghost (D:9)
  Menkaure (D:7)
  An ice beast (D:10)
  2 sky beasts (D:9)
  2 orc warriors (D:9)
  A necrophage (D:4)
  3 ogres
  4 wolves (D:8)
  5 centaurs
  8 big kobolds
  7 bullfrogs
  A water moccasin zombie (D:9)
  A scorpion (D:7)
  7 killer bees (D:9)
  10 wights
  8 howler monkeys
  4 crimson imps
  2 jellies
  3 hounds
  5 orc priests
  9 orc wizards
  Natasha (D:2)
  4 worker ants
  A hound skeleton (D:5)
  3 mummies
  11 adders
  2 river rats (Sewer)
  2 shadow imps
  An ooze (D:2)
  An adder skeleton (D:4)
  2 adder zombies
  7 worms
  2 dart slugs
  6 leopard geckos
  56 orcs
  6 giant cockroaches
  A gnoll zombie (Ossuary)
  9 goblins
  3 hobgoblins
  15 jackals
  4 quokkas
  6 ball pythons
  5 bats
  7 frilled lizards
  4 goblin zombies (Ossuary)
  4 hobgoblin zombies
  A jackal skeleton (D:5)
  30 kobolds
  A kobold zombie (Ossuary)
  A leopard gecko skeleton (D:4)
  2 orc zombies (D:7)
  2 quokka skeletons
  10 rats
315 creatures vanquished.

Vanquished Creatures (collateral kills)
  A centaur (D:3)
  A howler monkey (D:5)
  A mummy (Ossuary)
  An adder (D:2)
  A worm (D:3)
  A goblin (D:3)
  A hobgoblin (D:2)
  A ball python (D:2)
  A bat (D:2)
  A rat (D:3)
10 creatures vanquished.

Vanquished Creatures (others)
  5 toadstools (D:1)
5 creatures vanquished.

Grand Total: 330 creatures vanquished

Notes
Turn   | Place    | Note
-------+----------+-------------------------------------------
     0 | D:1      | sking99 the Draconian Transmuter began the quest for the Orb.
     0 | D:1      | Reached XP level 1. HP: 16/16 MP: 3/3
   361 | D:1      | Reached XP level 2. HP: 20/23 MP: 5/5
  1019 | D:2      | Reached XP level 3. HP: 17/29 MP: 6/6
  1154 | D:1      | Learned a level 2 spell: Sticks to Snakes
  1174 | D:2      | Reached skill level 4 in Unarmed Combat
  1223 | D:2      | Found an ornate altar of the Wu Jian Council.
  1225 | D:2      | Noticed Sigmund
  1237 | D:2      | Killed Sigmund
  1237 | D:2      | Reached XP level 4. HP: 31/37 MP: 1/7
  1237 | D:2      | Reached XP level 5. HP: 37/44 MP: 1/8
  1337 | D:2      | Noticed Natasha
  1893 | D:2      | Found an opulent altar of Gozag.
  1902 | D:2      | Became a worshipper of Gozag Ym Sagoz the Greedy
  2131 | D:2      | Reached skill level 5 in Unarmed Combat
  2442 | D:2      | Killed Natasha
  2809 | D:3      | Found a faded altar of an unknown god.
  2919 | D:3      | Noticed a centaur
  2937 | D:3      | Killed a centaur
  2937 | D:3      | Reached XP level 6. HP: 24/51 MP: 2/9
  3370 | D:4      | Found a blossoming altar of Fedhas.
  3397 | D:4      | Reached skill level 6 in Unarmed Combat
  3466 | D:4      | Your scales start taking on a pale cyan-grey colour.
  3466 | D:4      | Reached XP level 7. HP: 43/59 MP: 10/10
  4134 | D:4      | Learned a level 5 spell: Blade Hands
  4136 | D:4      | Learned a level 1 spell: Apportation
  4186 | D:4      | Found an ancient bone altar of Kikubaaqudgha.
  4187 | D:4      | Found a sparkling altar of Nemelex Xobeh.
  4406 | D:5      | Entered Level 5 of the Dungeon
  4718 | D:5      | Reached skill level 7 in Unarmed Combat
  4805 | D:5      | Found a sacrificial altar of Ru.
  4809 | D:5      | Found a blossoming altar of Fedhas.
  4826 | D:5      | Found a glowing drain.
  4852 | Sewer    | Entered a sewer
  4999 | Sewer    | Reached skill level 5 in Fighting
  5024 | Sewer    | Found a white marble altar of Elyvilon.
  5179 | D:5      | Reached XP level 8. HP: 64/68 MP: 11/11
  5343 | D:5      | Noticed Prince Ribbit
  5568 | D:5      | Found a glowing silver altar of Zin.
  5654 | D:5      | Killed Prince Ribbit
  5654 | D:5      | Reached skill level 5 in Transmutations
  5723 | D:6      | Reached skill level 8 in Unarmed Combat
  5751 | D:6      | Found a sand-covered staircase.
  5756 | Ossuary  | Entered an ossuary
  6455 | D:6      | Found a shattered altar of Ashenzari.
  6745 | D:6      | Found a staircase to the Ecumenical Temple.
  6751 | D:6      | Found Negaoh's General Store.
  6759 | D:6      | Bought 3 scrolls of fear for 115 gold pieces
  6890 | D:6      | Found a shimmering altar of Xom.
  7354 | D:7      | Found a runed gate.
  7355 | D:7      | Found a runed gate.
  7356 | D:7      | Found a runed gate.
  7357 | D:7      | Noticed junkhipster's ghost (novice FoFi)
  7478 | D:7      | Reached skill level 9 in Unarmed Combat
  7542 | D:7      | Reached XP level 9. HP: 71/78 MP: 12/12
  7612 | D:7      | Noticed Menkaure
  7617 | D:7      | Killed Menkaure
  8141 | D:8      | Reached skill level 10 in Unarmed Combat
  8756 | D:8      | Reached skill level 5 in Dodging
  8756 | D:8      | Reached XP level 10. HP: 55/88 MP: 11/13
  8757 | D:8      | Noticed Grum
  8772 | D:8      | Killed Grum
  8776 | D:8      | Noticed Gastronok
  9347 | D:8      | Killed Gastronok
  9347 | D:8      | Reached skill level 11 in Unarmed Combat
  9949 | D:8      | Noticed a three-headed hydra
  9956 | D:8      | Killed a three-headed hydra
  9956 | D:8      | Reached skill level 12 in Unarmed Combat
 10164 | D:9      | Found Usatante's General Store.
 10233 | D:9      | Found Deybbife's Magic Scroll Shoppe.
 10304 | D:9      | Reached XP level 11. HP: 97/97 MP: 14/14
 10630 | D:9      | Found Noess's Distillery.
 11064 | D:9      | Found Serut's Antique Armour Emporium.
 11072 | D:9      | Bought a cloak for 148 gold pieces
 11094 | D:9      | Found Dosmawn's Distillery.
 11236 | D:10     | Entered Level 10 of the Dungeon
 11314 | D:10     | Found a staircase to the Orcish Mines.
 11522 | D:10     | Noticed Snorg
 11866 | D:10     | Slain by Snorg

Vault maps used:
D:1:      ldierk_walled_garden
D:2:      kennysheep_six_static_rooms, overflow_temple_1_default,
          nicolae_overflow_crystal_walls, first_ration, uniq_sigmund,
          uniq_natasha
D:3:      chequers_ecumenical_altar_simple_redux
D:4:      minitemple, fedhas_bush_and_centaur_altar
D:5:      gammafunk_temple_overflow_forgotten, cheibrodos_sewer_entry_drain,
          minmay_misc_feat_x, uniq_prince_ribbit1
D:6:      kennysheep_mini_moat, kennysheep_mini,
          minmay_temple_entry_statues_fountains, serial_shops, shop,
          enter_ossuary_2, hangedman_decor_slide_cut, minmay_tree_intersection,
          minmay_misc_feat_secret_circle
D:7:      gammafunk_ghost_necromancy, minmay_mini_ossuary, uniq_menkaure
D:8:      hangedman_ranch, uniq_gastronok, uniq_grum
D:9:      serial_shops, nicolae_shop_window_shopping, shop, shop,
          nicolae_shop_stone, shop
D:10:     hiddenorc2_lemuel, minivault_16, nicolae_gozag_seed_capital,
          uniq_snorg
Sewer:    sewer_kobolds
Ossuary:  ossuary_kennysheep_city_of_the_dead

Skill      XL: |  1  2  3  4  5  6  7  8  9 10 11 |
---------------+----------------------------------+-----
Fighting       | 2 3 4 5 6 7 9 |  9.8
Unarmed Combat | 4 5 6 7 9 10 12 | 12.7
Transmutations | 3 4 5 |  5.2
Dodging        | 3 5 6 7 |  7.0
Spellcasting   | |  2.0

Action                   |  1- 3 |  4- 6 |  7- 9 | 10-12 || total
-------------------------+-------+-------+-------+-------++-------
Melee: Unarmed           |    91 |   233 |   462 |   232 ||  1018
       Headbutt          |     3 |     5 |     3 |     2 ||    13
       Tailslap          |    11 |    18 |    59 |    29 ||   117
       Punch             |     2 |     2 |    16 |    14 ||    34
 Cast: Beastly Appendage |     2 |     2 |     2 |     1 ||     7
       Sticks to Snakes  |     5 |     5 |     7 |    15 ||    32
Invok: Call Merchant     |       |       |       |     1 ||     1
 Abil: Breathe Steam     |       |       |    26 |    20 ||    46
Evoke: Wand              |       |       |       |     7 ||     7
  Use: Potion            |       |     2 |       |     5 ||     7
       Scroll            |       |    10 |     8 |     6 ||    24
 Stab: Sleeping          |     1 |       |     1 |       ||     2
       Distracted        |     1 |     1 |     3 |     2 ||     7
  Eat: Chunk             |     1 |     4 |       |       ||     5
       Ration            |       |     2 |     5 |     4 ||    11
Armor: Skin              |    26 |    71 |   126 |    43 ||   266
Dodge: Dodged            |    64 |   157 |   307 |   242 ||   770

Table legend:
 A = Spawn XP
 B = Non-spawn XP
 C = Spawn XP percentage of total XP
 D = Spawn monster count
 E = Non-spawn monster count
 F = Spawn count percentage of total count
 G = Total turns spent on level
                    A         B        C        D         E        F      G
               +---------+---------+-------+---------+---------+-------+---------
         Total |       0 |   14371 |   0.0 |       0 |     325 |   0.0 | 11866
               +---------+---------+-------+---------+---------+-------+---------
           D:1 |       0 |      32 |   0.0 |       0 |      19 |   0.0 |  1103
           D:2 |       0 |     301 |   0.0 |       0 |      35 |   0.0 |  1206
           D:3 |       0 |     161 |   0.0 |       0 |      23 |   0.0 |  1060
           D:4 |       0 |     391 |   0.0 |       0 |      14 |   0.0 |  1037
           D:5 |       0 |     843 |   0.0 |       0 |      21 |   0.0 |  1082
           D:6 |       0 |     297 |   0.0 |       0 |      23 |   0.0 |   806
           D:7 |       0 |    1481 |   0.0 |       0 |      39 |   0.0 |  1455
           D:8 |       0 |    6424 |   0.0 |       0 |      43 |   0.0 |  1545
           D:9 |       0 |    3434 |   0.0 |       0 |      41 |   0.0 |  1092
          D:10 |       0 |     622 |   0.0 |       0 |      44 |   0.0 |   630
         Sewer |       0 |     135 |   0.0 |       0 |      11 |   0.0 |   230
       Ossuary |       0 |     250 |   0.0 |       0 |      12 |   0.0 |   620
               +---------+---------+-------+---------+---------+-------+---------
